 Dungeon Crawl Stone Soup version 0.30.1 (webtiles) character file.

Game seed: 13116160963059428453

8497 AiryTheDragon the Changer (level 11, -14/98 HPs)
             Began as a Pale Draconian Transmuter on July 2, 2023.
             Was an Elder of Elyvilon.
             Demolished by a lorocyproca (27 damage)
             ... on level 1 of the Abyss on July 3, 2023.
             The game lasted 02:39:08 (7777 turns).

AiryTheDragon the Changer (DrTm)                    Turns: 7777, Time: 02:39:09

Health: -14/98     AC: 11    Str: 15    XL:     11   Next: 10%
Magic:  0/20       EV: 12    Int: 15    God:    Elyvilon [****..]
Gold:   349        SH:  0    Dex: 18    Spells: 5/22 levels left

rFire   x . .        T - melded +6 battleaxe (flame)
rCold   + + +        (shield currently unavailable)
rNeg    . . .        (body armour unavailable)
rPois   +            K - melded +2 hat
rElec   .            V - melded +0 cloak
rCorr   .            f - melded +0 pair of gloves
SInv    .            o - melded +0 pair of boots
Will    .....        k - amulet of magic regeneration
Stlth   ++           L - +6 ring of dexterity
HPRegen 0.00/turn    s - +4 ring of protection
MPRegen 0.57/turn

%: no passive effects
@: ice-form, wereblooded (expiring), on berserk cooldown, sick, hasted and
slowed
A: freezing attack, amphibious, boosted hp, (breathe steam), AC +7, large,
unfitting armour, (cold-blooded), (steam resistance)
a: End Transformation, Renounce Religion, Purification, Heal Other, Heal Self


You were on level 1 of the Abyss.
You worshipped Elyvilon.
Elyvilon was greatly pleased with you.
You were a creature of crystalline ice.
You visited 2 branches of the dungeon, and saw 9 of its levels.
You visited the Abyss 1 time.
You also visited: Ossuary.

You collected 656 gold pieces.
You spent 307 gold pieces at shops.

Inventory:

Hand Weapons
 a - a +2 dagger of speed
 c - a +2 dagger of venom
 w - the +6 morningstar of Satyriasis {heavy, rCorr Dex+4 SInv Stlth+}
   (You found it on level 7 of the Dungeon)

   Dex:       It affects your dexterity (+4).
   SInv:      It lets you see invisible.
   rCorr:     It protects you from acid and corrosion.
   Stlth:     It makes you more stealthy.
 y - a +2 whip of electrocution
 M - a +2 whip of freezing
 O - a +2 dagger of venom
 T - a +6 battleaxe of flaming (melded)
 U - a +6 war axe of freezing
 W - a +5 hand axe
Missiles
 q - 23 poisoned darts
 z - a curare-tipped dart
 D - 6 javelins
Armour
 f - a +0 pair of gloves (melded)
 o - a +0 pair of boots (melded)
 u - the -2 hat of Yfirokh {+Inv}
   (You found it on level 3 of the Dungeon)

   +Inv:      It lets you turn invisible.
 K - a +2 hat (melded)
 V - a +0 cloak (melded)
Jewellery
 k - an amulet of magic regeneration (around neck)
 m - a ring of ice
 s - a +4 ring of protection (right front paw)
 v - an amulet of the acrobat
 L - a +6 ring of dexterity (left front paw)
 R - a ring of willpower
Wands
 l - a wand of quicksilver (5)
 F - a wand of roots (11)
 H - a wand of polymorph (3)
Scrolls
 d - a scroll of butterflies {unknown}
 g - a scroll of silence {unknown}
 i - 3 scrolls of fog
 r - a scroll of poison {unknown}
 t - a scroll of magic mapping
 x - a scroll of immolation {unknown}
 A - a scroll of fear {unknown}
 E - 7 scrolls of teleportation
 J - 2 scrolls of noise {unknown}
 P - 2 scrolls of torment {unknown}
 Q - 3 scrolls of vulnerability
Potions
 e - 3 potions of flight
 h - 5 potions of curing
 n - 3 potions of resistance
 p - a potion of might
 B - a potion of mutation {unknown}
 G - 2 potions of brilliance
 N - a potion of cancellation {unknown}
 S - a potion of attraction


   Skills:
 + Level 3.6 Fighting
 + Level 1.8 Short Blades
 + Level 3.5(3.7) Axes
 + Level 1.4(2.7) Maces & Flails
 + Level 0.5 Throwing
 + Level 4.6 Dodging
 + Level 2.5 Stealth
 + Level 6.2 Unarmed Combat
 + Level 6.2 Spellcasting
 + Level 2.0 Conjurations
 * Level 3.7 Summonings
 * Level 6.4 Transmutations
 + Level 5.5 Ice Magic
 + Level 3.1 Air Magic
 + Level 4.1 Poison Magic
 * Level 4.7 Invocations
 * Level 4.6 Evocations


You had 5 spell levels left.
You knew the following spells:

 Your Spells              Type           Power      Damage    Failure   Level
a - Beastly Appendage     Tmut           48%        N/A       1%          1
b - Wereblood             Tmut           24%        N/A       1%          2
c - Shock                 Conj/Air       48%        1d6       4%          1
d - Ice Form              Ice/Tmut       22%        N/A       12%         4
e - Mephitic Cloud        Conj/Pois/Air  14%        N/A       12%         3
f - Call Canine Familiar  Summ           15%        N/A       10%         3
g - Ozocubu's Armour      Ice            21%        N/A       4%          3

Your spell library contained the following spells:

 Spells                   Type           Power      Damage    Failure   Level
 Summon Small Mammal      Summ           60%        N/A       3%          1
 Poisonous Vapours        Pois/Air       30%        N/A       4%          2
 Spider Form              Tmut/Pois      20%        N/A       4%          3
 Swiftness                Air            14%        N/A       12%         3
 Apportation              Tloc           8%         N/A       14%         1
 Necrotise                Necr           16%        1d4       14%         1
 Summon Guardian Golem    Hex/Summ       10%        N/A       21%         3
 Airstrike                Air            7%         2d(1-17)  36%         4
 Freezing Cloud           Conj/Ice/Air   7%         6-21      67%         5
 Ozocubu's Refrigeration  Ice            10%        4d9       100%        7


Dungeon Overview and Level Annotations

Branches:
Dungeon (8/15)             Temple (1/1) D:4         Ossuary (visited)
   Lair: D:8-11

Altars:
Ashenzari
Cheibriados
Dithmenos
Elyvilon
Fedhas
Gozag
Makhleb
Nemelex Xobeh
Okawaru
Qazlal
Ru
Sif Muna
Trog
Uskayaw
Vehumet
Xom
Yredelemnul
Zin
The Shining One
Lugonu

Shops:
D:5 ?   D:6 (   D:8 *

Portals:
Abyss: D:5

Annotations:
D:8 Psyche


Innate Abilities, Weirdness & Mutations

You are a creature of crystalline ice.
You have a powerful freezing melee attack.
You are amphibious.
Your maximum health is increased.
Your armour is entirely melded.
You are incapable of wielding weapons or throwing items.
((You can breathe blasts of scalding, opaque steam.))
((Your pale cyan-grey scales are hard. (AC +7)))
You cannot fit into any form of body armour.
((You are cold-blooded and may be slowed by cold attacks.))
((You are immune to the effects of steam.))


Message History

You barely miss the ufetubus.
The ufetubus hits you but does no damage. x2
You barely miss the ufetubus. The ufetubus barely misses you.
The ufetubus hits you but does no damage.
You pummel the ufetubus!! You freeze the ufetubus.
You kill the ufetubus!
The ufetubus disappears in a puff of smoke!
You are no longer berserk.
You are exhausted.
You feel yourself slow down.
Your primal bloodlust is almost over.
The ynoxinul hits you but does no damage.
You hit the ynoxinul but do no damage.
The ynoxinul is moderately wounded.
A white imp comes into view.
The ynoxinul hits you!
The white imp shouts!
You pummel the ynoxinul!!
The ynoxinul is severely wounded.
The ynoxinul hits you but does no damage.
Something hits you!
You feel your power leaking away.
Deactivating autopickup; reactivate with Ctrl-A.
You hit the ynoxinul but do no damage.
The ynoxinul is severely wounded.
The ynoxinul gestures at you. The iron shot hits you! Something hits you!!
* * * LOW HITPOINT WARNING * * *
You feel your power leaking away.
Unknown command.
Okay, then.
You feel much better. Something hits you!!
* * * LOW HITPOINT WARNING * * *
You feel your power leaking away.
The ynoxinul gestures.
The ynoxinul attacks as you move away!
The ynoxinul hits you but does no damage.
Okay, then.
Something hits you!!
You die...

.. ..#. .. ....#.
.. .......### .# .
......#.##.###.. .
##.#~~.#..... . ##
...#.5~≈.#...#...
.. #
#...##.~≈#.#......#
. . # .... ~.#Y#
#.x.. # ##~53.#...#
. . ..
....~~##.###..# .
... ...#~~.##.. ..
.#.#..≈~~ ~....#.#
#..#~~ ~~~ .~~~ ..
5. ##~ ≈~♣~..# #
~.#. #. ~ #.#.
###..~~ #. #. . ..
.##~~~..


You could see a ynoxinul and an ufetubus (summoned).

Vanquished Creatures
  Pikel (D:5)
  The ghost of mkat the Chucker, a novice AtWn of Makhleb (D:5)
  A deep elf pyromancer (D:7)
  A cyclops (D:7)
  Joseph (D:8)
  A komodo dragon (D:7)
  An ancient zyme (Abyss:1)
  Grinder (D:3)
  A hornet (D:7)
  A slime creature (D:7)
  Sigmund (D:6)
  A shadow (D:7)
  A wyvern (D:7)
  A vampire mosquito (D:7)
  A steam dragon (D:4)
  Duvessa (D:7)
  5 water moccasins
  3 ice beasts
  A sky beast (D:6)
  A black bear (D:6)
  2 centaurs (D:7)
  7 bullfrogs
  2 kobold brigands (D:7)
  Blork the orc (D:6)
  A gnoll sergeant (D:7)
  4 scorpions
  4 water moccasin zombies (Ossuary)
  13 wights
  Dowan (D:7)
  3 killer bees (D:7)
  6 howler monkeys
  2 quasits (D:5)
  5 hounds
  A gnoll bouda (D:7)
  A jelly (D:5)
  5 orc priests
  5 sleepcaps
  Jessica (D:2)
  Ijyb (D:3)
  2 iguanas (D:5)
  6 orc wizards
  Natasha (thrice) (D:2)
  2 mummies (Ossuary)
  15 gnolls
  7 adders
  3 shadow imps
  3 white imps
  3 ufetubi
  4 adder zombies (Ossuary)
  3 worms
  3 dart slugs
  29 orcs
  8 ball pythons
  11 bats
  9 endoplasms
  3 giant cockroaches
  3 gnoll zombies (Ossuary)
  3 goblins
  6 hobgoblins
  2 jackals (D:1)
  2 kobolds
  3 quokkas
  5 frilled lizards
  5 hobgoblin zombies (Ossuary)
  A kobold zombie (Ossuary)
  3 orc zombies (Ossuary)
  4 rats
  A lurking horror (D:5)
243 creatures vanquished.

Vanquished Creatures (others)
  A wizard (D:6)
  A killer bee (D:7)
  2 orcs (D:3)
4 creatures vanquished.

Grand Total: 247 creatures vanquished

Notes
Turn   | Place    | Note
-------+----------+-------------------------------------------
     0 | D:1      | AiryTheDragon the Draconian Transmuter began the quest for
                  | the Orb.
     0 | D:1      | Reached XP level 1. HP: 16/16 MP: 3/3
   151 | D:1      | Reached XP level 2. HP: 23/23 MP: 3/5
   190 | D:1      | Learned a level 2 spell: Wereblood
   192 | D:1      | Learned a level 1 spell: Shock
   629 | D:1      | Found a faded altar of an unknown god.
   635 | D:1      | Prayed at the altar of an unknown god.
   635 | D:1      | Became a worshipper of Elyvilon the Healer
   635 | D:1      | Reached * piety under Elyvilon
   649 | D:1      | Reached XP level 3. HP: 28/28 MP: 3/6
  1087 | D:2      | Noticed Natasha
  1097 | D:2      | Killed Natasha
  1203 | D:2      | Reached XP level 4. HP: 19/35 MP: 7/7
  1290 | D:2      | Learned a level 4 spell: Ice Form
  1438 | D:2      | Noticed Jessica
  1451 | D:2      | Killed Jessica
  1458 | D:2      | Reached skill level 1 in Short Blades
  1544 | D:2      | Noticed Natasha
  1560 | D:2      | Elyvilon protects you from harm!
  1563 | D:2      | HP: 2/52 [Natasha (2)]
  1565 | D:2      | Killed Natasha
  1566 | D:2      | Reached XP level 5. HP: 4/40 MP: 9/9
  1679 | D:2      | Noticed Natasha
  1772 | D:2      | Killed Natasha
  1773 | D:2      | Reached skill level 1 in Ice Magic
  2121 | D:3      | Noticed Ijyb
  2165 | D:3      | Killed Ijyb
  2388 | D:3      | Reached XP level 6. HP: 48/48 MP: 10/10
  2482 | D:3      | Reached skill level 1 in Air Magic
  2531 | D:3      | Noticed Grinder
  2557 | D:3      | Paralysed by Grinder for 4 turns
  2567 | D:3      | Killed Grinder
  2568 | D:3      | Reached skill level 1 in Axes
  2584 | D:3      | Identified the -2 hat of Yfirokh {+Inv}
  2667 | D:3      | Found a basalt altar of Yredelemnul.
  2715 | D:3      | Identified the +1 sling of Antique Indomitability {heavy,
                  | Fragile rCorr Int+5}
  2722 | D:3      | Found a white marble altar of Elyvilon.
  2914 | D:3      | Found a sacrificial altar of Ru.
  2980 | D:3      | Reached ** piety under Elyvilon
  3011 | D:3      | Found a shimmering blue altar of Sif Muna.
  3204 | D:4      | Your scales start taking on a pale cyan-grey colour.
  3204 | D:4      | Reached XP level 7. HP: 55/55 MP: 12/12
  3204 | D:4      | Gained mutation: You are immune to the effects of steam.
                  | [Pale Draconian growth]
  3208 | D:4      | Learned a level 3 spell: Mephitic Cloud
  3244 | D:4      | Found an iron altar of Okawaru.
  3340 | D:4      | Reached skill level 1 in Conjurations
  3372 | D:4      | Found a staircase to the Ecumenical Temple.
  3381 | Temple   | Entered the Ecumenical Temple
  3555 | D:4      | Found a radiant altar of Vehumet.
  3556 | D:4      | Noticed a steam dragon
  3570 | D:4      | Killed a steam dragon
  3571 | D:4      | Reached skill level 1 in Stealth
  3936 | D:5      | Entered Level 5 of the Dungeon
  3947 | D:5      | Found a corrupted altar of Lugonu.
  3947 | D:5      | Found a one-way gate to the infinite horrors of the Abyss.
  4056 | D:5      | Reached *** piety under Elyvilon
  4074 | D:5      | Reached skill level 1 in Maces & Flails
  4152 | D:5      | Reached XP level 8. HP: 62/62 MP: 12/14
  4159 | D:5      | Found a transporter.
  4163 | D:5      | Noticed mkat's ghost (novice AtWn)
  4208 | D:5      | Found a sand-covered staircase.
  4217 | Ossuary  | Entered an ossuary
  4329 | Ossuary  | Learned a level 3 spell: Call Canine Familiar
  4348 | Ossuary  | Reached skill level 1 in Poison Magic
  4513 | D:5      | Found Umell's Magic Scroll Emporium.
  4521 | D:5      | Bought a scroll of teleportation for 33 gold pieces
  4521 | D:5      | Bought a scroll of brand weapon for 104 gold pieces
  4521 | D:5      | Bought a scroll of teleportation for 33 gold pieces
  4521 | D:5      | Bought a scroll of teleportation for 33 gold pieces
  4521 | D:5      | Bought a scroll of enchant weapon for 82 gold pieces
  4521 | D:5      | Bought a scroll of identify for 22 gold pieces
  4655 | D:5      | Identified the +0 short sword of Yckuxon {speed, rPois rF+
                  | Dex+5}
  4719 | D:5      | Found a transporter.
  4772 | D:5      | Killed mkat's ghost
  4773 | D:5      | Reached skill level 5 in Unarmed Combat
  4773 | D:5      | Reached XP level 9. HP: 42/68 MP: 14/16
  4916 | D:5      | Noticed Pikel
  4934 | D:5      | Killed Pikel
  4935 | D:5      | Reached skill level 5 in Spellcasting
  5313 | D:6      | Reached skill level 5 in Ice Magic
  5324 | D:6      | Reached skill level 1 in Invocations
  5477 | D:6      | Learned a level 3 spell: Ozocubu's Armour
  5538 | D:6      | Reached skill level 5 in Transmutations
  5612 | D:6      | Found Luon's Weapon Shoppe.
  5637 | D:6      | Noticed Blork the orc
  5640 | D:6      | Reached skill level 1 in Evocations
  5641 | D:6      | Noticed Sigmund
  5651 | D:6      | Killed Sigmund
  5653 | D:6      | Killed Blork the orc
  5688 | D:6      | Found a bloodstained altar of Trog.
  5785 | D:6      | Noticed a wizard
  5790 | D:6      | Killed a wizard
  5985 | D:7      | Reached **** piety under Elyvilon
  6072 | D:7      | Noticed a deep elf pyromancer
  6078 | D:7      | Noticed a komodo dragon
  6084 | D:7      | Noticed a cyclops
  6094 | D:7      | Reached skill level 1 in Summonings
  6106 | D:7      | Killed a komodo dragon
  6107 | D:7      | Reached XP level 10. HP: 20/77 MP: 18/18
  6121 | D:7      | Killed a cyclops
  6148 | D:7      | Killed a deep elf pyromancer
  6154 | D:7      | Noticed Duvessa
  6155 | D:7      | Noticed Dowan
  6166 | D:7      | Killed Duvessa
  6184 | D:7      | Killed Dowan
  6317 | D:7      | Found a broken altar of Ashenzari.
  6484 | D:7      | Identified the +6 morningstar of Satyriasis {heavy, rCorr
                  | Dex+4 SInv Stlth+}
  6892 | D:7      | Found a burning altar of Makhleb.
  6892 | D:7      | Found a glowing golden altar of the Shining One.
  6894 | D:7      | Found a stormy altar of Qazlal.
  7042 | D:8      | Found a blossoming altar of Fedhas.
  7043 | D:8      | Noticed Joseph
  7055 | D:8      | Killed Joseph
  7056 | D:8      | Reached XP level 11. HP: 38/82 MP: 20/20
  7430 | D:8      | Found a shadowy altar of Dithmenos.
  7618 | D:8      | Found Toit's Mayhem Merchandise.
  7674 | D:8      | Noticed Psyche
  7691 | Abyss:1  | Cast into level 1 of the Abyss (Psyche)
  7774 | Abyss:1  | HP: 4/98 [something (26)]
  7777 | Abyss:1  | Demolished by a lorocyproca

Illustrated notes

Levels and vault maps discovered:
D:1:      tarquinn_simple_flora_water_f, layout_basic, basic_ecumenical_altar
D:2:      minmay_spotlight, layout_basic, chequers_serial_rivers_small_3,
          chequers_serial_rivers_micro_e, uniq_jessica, uniq_natasha
D:3:      layout_basic, nicolae_elyvilon_peaceful_grove,
          mainiacjoe_overflow_alcove_1, nicolae_ru_the_path_less_chosen,
          amcnicky_altar_gilded, hangedman_decor_push, uniq_ijyb, uniq_grinder
D:4:      layout_rooms, mainiacjoe_overflow_chevrons,
          nicolae_overflow_crystal_walls, temple_fountains, grunt_ministairs_10
D:5:      layout_cave_pools, gammafunk_ghost_stat_death, serial_shops, shop,
          enter_ossuary_3, minmay_misc_feat_square,
          amcnicky_altar_lugonu_corruption, uniq_pikel
D:6:      layout_basic, trog_wizard, serial_shops, shop, roderic_lattice_a,
          uniq_blork_the_orc, uniq_sigmund
D:7:      minmay_the_grid_plus_closed [minmay_the_grid_holed_spiral,
          minmay_the_grid_expand, minmay_the_grid_tree,
          minmay_the_grid_pillar_ring, minmay_the_grid_prize_inner_circle],
          layout_rooms, mainiacjoe_overflow_alcove_3, minmay_joined_circles,
          uniq_duvessa
D:8:      layout_loops_corners, mainiacjoe_overflow_catwalk,
          mainiacjoe_overflow_paths, minivault_25, minmay_shop_mayhem,
          nicolae_benzene_ring, uniq_psyche, uniq_maggie, uniq_joseph
Temple:   hellmonk_temple_flake
Abyss:1:  base:
D:5

Skill      XL: |  1  2  3  4  5  6  7  8  9 10 |
---------------+-------------------------------+-----
Dodging        | 2 3 4 |  4.6
Short Blades   | 1 |  1.8
Ice Magic      | 1 2 3 4 5 |  5.5
Spellcasting   | 3 4 5 6 |  6.2
Transmutations | 3 4 5 6 |  6.4
Fighting       | 2 3 |  3.6
Air Magic      | 1 2 3 |  3.1
Axes           | 1 2 3 |  3.5
Conjurations   | 1 2 |  2.0
Stealth        | 1 2 |  2.5
Maces & Flails | 1 |  1.4
Unarmed Combat | 5 6 |  6.2
Poison Magic   | 3 4 |  4.1
Invocations    | 2 4 |  4.7
Evocations     | 2 4 |  4.6
Summonings     | 1 3 |  3.7
Throwing       | |  0.5

Action                     |  1- 3 |  4- 6 |  7- 9 | 10-12 || total
---------------------------+-------+-------+-------+-------++-------
  Melee: Unarmed           |    14 |     3 |   191 |   125 ||   333
         Kick              |    16 |    22 |     8 |     2 ||    48
         Headbutt          |     5 |    21 |     3 |     1 ||    30
         Short sword       |    58 |    19 |       |       ||    77
         Tailslap          |     7 |     9 |     6 |     7 ||    29
         Punch             |     1 |       |     1 |       ||     2
         Hand axe          |       |    40 |       |       ||    40
         Dagger            |       |    61 |       |       ||    61
         Whip              |       |     3 |    34 |       ||    37
         Battleaxe         |       |       |    29 |    39 ||    68
  Throw: Dart              |       |     6 |       |       ||     6
         Javelin           |       |       |       |     5 ||     5
   Cast: Beastly Appendage |    17 |    23 |     7 |     4 ||    51
         Shock             |     4 |    41 |    18 |    10 ||    73
         Wereblood         |     4 |     3 |    13 |     8 ||    28
         Ice Form          |       |     1 |    18 |    10 ||    29
         Mephitic Cloud    |       |       |     5 |    21 ||    26
         Ozocubu's Armour  |       |       |     1 |     1 ||     2
 Invoke: Purification      |     1 |     2 |     1 |       ||     4
         Heal Self         |       |       |       |     2 ||     2
Ability: Breathe Steam     |       |       |     1 |     5 ||     6
         End Transformatio |       |       |     1 |       ||     1
    Use: Potion            |       |     3 |     7 |     7 ||    17
         Scroll            |       |     6 |    11 |     3 ||    20
   Stab: Sleeping          |     3 |     3 |     2 |     2 ||    10
         Confused          |       |       |       |     6 ||     6
 Armour: Skin              |    16 |    80 |   132 |   104 ||   332
  Dodge: Dodged            |    52 |    65 |   193 |   158 ||   468
